Map: Ever Dream LE

Players

StarGirL - Winner!

  • Race: Zerg Zerg
  • League: Master
  • Spawn Location: 1:00

A.I. 1 (Very Easy)

  • Race: Protoss Protoss
  • Spawn Location: 7:00

VOD

Have the link to the VOD?

Description

Open standard hatch gas pool, @100 gas pull completely out of gas and getling speed. Produce queens constantly.
The first 2 queens, the main injects, and the natural drops a tumor and then they both go across the map to your opponents natural.
Every queen after injects and then also a moves across the map. Stop drone production at about 30 drones and at 3:30 (depending on map size) or when queens are just past half way send 8 drones across the map.
When you reach their natural with your queens and drones, build a hatchery, cancel it and build a tumor on the creep. When the creep spreads build 1 spore and 7 spines.
At home, stop after 8 queens and constantly build lings.
The strength of this attack is in your queens and spines. Keep the lings back until you've broken down his wall. Focus on transfusing your spines to keep them alive and use your queen aa to kill any stargate units.
It is recommended to build a spore in the main vs potential oracle harass at 3:30.

Time

  • Played on: May 20, 2020, 1:20 a.m.
  • Length: 5:15
Show
View Real Time Build Order
Export as new Build Order

StarGirL Zerg - Winner!

Build Orders: Hatch First 

Get SALT Encoding   

  12  0:01  Drone  
  13  0:13  Overlord  
  13  0:17  Drone  
  14  0:31  Drone x2  
  16  0:47  Hatchery  
  15  0:52  Drone  
  15  0:54  Drone  
  17  0:58  Drone  
  18  1:08  Extractor  
  17  1:15  Spawning Pool  
  17  1:16  Drone  
  17  1:20  Drone  
  18  1:29  Drone  
  19  1:39  Drone  
  20  1:49  Overlord  
  20  2:02  Queen x2  
  20  2:03  Zergling x4  
  26  2:10  Metabolic Boost  
  26  2:11  Drone x2  
  28  2:20  Drone  
  28  2:22  Drone  
  30  2:32  Overlord  
  30  2:37  Queen x2  
  30  2:43  Drone x2  
  36  2:53  Drone x2  
  38  3:01  Overlord  
  38  3:03  Drone  
  39  3:09  Overlord  
  39  3:10  Zergling x6  
  42  3:13  Queen  
  42  3:18  Queen  
  46  3:34  Zergling x8  
  50  3:56  Hatchery  
  50  4:01  Queen x2  
  54  4:06  Zergling x2  
  54  4:07  Zergling x4  
  57  4:12  Spore Crawler  
  57  4:15  Spine Crawler  
  57  4:16  Spine Crawler  
  54  4:21  Spine Crawler  
  54  4:22  Spine Crawler  
  52  4:24  Spine Crawler  
  52  4:26  Spine Crawler  
  52  4:27  Zergling x4  
  52  4:30  Spine Crawler  
  51  4:33  Zergling x4  
  53  4:44  Zergling x8  
  57  4:52  Zergling x8  
Show
View Real Time Build Order
Export as new Build Order

A.I. 1 (Very Easy) Protoss 

Build Orders:  

Get SALT Encoding   

  12  0:00  Probe  
  13  0:13  Probe  
  14  0:19  Pylon  
  14  0:36  Assimilator  
  14  0:43  Gateway  
  14  0:47  Pylon  
  14  1:16  Assimilator  
  14  1:17  Probe  
  14  1:25  Probe  
  15  1:31  Cybernetics Core  
  16  1:33  Probe  
  17  1:43  Probe  
  18  1:55  Probe  
  18  1:57  Warp Gate  
  19  2:03  Probe  
  20  2:10  Stalker  
  22  4:21  Probe  
  22  4:40  Stalker  
  22  4:43  Pylon  
  24  4:49  Probe  
  9  5:01  Probe, Pylon  
Tags
 
League
Master
Matchup
PvZ
Spawn Locations
Cross Positions
Add a new tag
Caveats
  • Supply blocks, unpowered buildings, or Contaminate may cause inaccurate times.
  • Supply counts are checked every 10 seconds.